 Dungeon Crawl Stone Soup version 0.21.1-1-g345015fe64 (webtiles) character file.

3932 PikkenKukken the Grappler (level 10, -2/81 HPs)
             Began as a Ghoul Monk on May 3, 2018.
             Was an Elder of Wu Jian.
             Slain by a manticore (9 damage)
             ... on level 7 of the Dungeon.
             The game lasted 00:39:48 (6835 turns).

PikkenKukken the Grappler (Ghoul Monk)              Turns: 6835, Time: 00:39:48

Health: -2/81      AC:  9    Str: 18    XL:     10   Next: 21%
Magic:  9/9        EV: 14    Int:  5    God:    Wu Jian [****..]
Gold:   294        SH:  0    Dex: 12    Spells: 9/9 levels left

rFire    . . .     SeeInvis .     - Unarmed
rCold    + + .     Gourm    .   (no shield)
rNeg     + + +     Faith    .   w - +1 robe {rC+}
rPois    ∞         Spirit   .   h - +0 helmet
rElec    .         Reflect  .   (no cloak)
rCorr    +         Harm     .   u - +2 pair of gloves
MR       +....                  n - +0 pair of boots
Stlth    ++........             (no amulet)
HPRegen  0.00/turn              k - ring of protection from magic
MPRegen  0.11/turn              e - ring of resist corrosion

@: rotting
A: rotting body, claws 1, carnivore, cold resistance 1, negative energy
resistance 3, inhibited regeneration, torment resistance, unbreathing
a: Wall Jump, Serpent's Lash, Renounce Religion


You were on level 7 of the Dungeon.
You worshipped Wu Jian.
Wu Jian was greatly pleased with you.
You were not hungry.

You visited 1 branch of the dungeon, and saw 7 of its levels.
You also visited: Sewer.

You collected 294 gold pieces.

Inventory:

Hand Weapons
 l - a +0 hunting sling
Missiles
 j - 26 tomahawks (quivered)
Armour
 f - a +1 scale mail
 h - a +0 helmet (worn)
 n - a +0 pair of boots (worn)
 u - a +2 pair of gloves (worn)
 w - a +1 robe of cold resistance (worn)
 z - a +0 pair of gloves
Magical Staves
 y - an uncursed staff of cold {unknown}
Jewellery
 c - an uncursed ring of magical power
 e - a ring of resist corrosion (right hand)
 k - a ring of protection from magic (left hand)
 r - an uncursed amulet of harm
 t - an uncursed ring of poison resistance {unknown}
 v - an uncursed ring of positive energy
Wands
 o - a wand of polymorph (5)
 C - a wand of flame (30)
Scrolls
 d - 3 scrolls of remove curse
 g - 4 scrolls of teleportation
 m - a scroll of amnesia
 B - 2 scrolls of noise {unknown}
 D - 2 scrolls of identify
Potions
 i - 2 potions of ambrosia
 q - a potion of curing
 x - 3 potions of flight
 A - 4 potions of might
Books
 p - the Incunabulum of Captivating Orientation
   (You found it on level 4 of the Dungeon)

   Spells                             Type                      Level
   a - Confusing Touch                Hexes                        1
   b - Summon Guardian Golem          Hexes/Summoning              3
   c - Tukima's Dance                 Hexes                        3
   d - Silence                        Hexes/Air                    5
   e - Controlled Blink               Translocation                8
 s - a book of Maledictions

   Spells                             Type                      Level
   a - Corona                         Hexes                        1
   b - Ensorcelled Hibernation        Hexes/Ice                    2
   c - Confuse                        Hexes                        3
   d - Tukima's Dance                 Hexes                        3
   e - Dazzling Spray                 Conjuration/Hexes            3
Comestibles
 b - 5 rations


   Skills:
 + Level 5.3 Fighting
 + Level 1.4 Throwing
 + Level 5.8 Armour
 + Level 5.0 Dodging
 - Level 2.3 Stealth
 + Level 12.3 Unarmed Combat


You had 9 spell levels left.
You didn't know any spells.

Dungeon Overview and Level Annotations

Branches:
Dungeon (7/15)             Temple (0/1) D:7

Altars:
Qazlal
Uskayaw
Wu Jian

Annotations:
D:7 2 runed doors


Innate Abilities, Weirdness & Mutations

Your body is rotting away.
You thrive on raw meat.
You are immune to poison.
You have sharp fingernails.
You are carnivorous and can eat meat at any time.
Your flesh is cold resistant. (rC+)
You are immune to negative energy. (rN+++)
You do not regenerate when monsters are visible.
You are immune to unholy pain and torment.
You can survive without breathing.


Message History

You punch the water moccasin!
You kill the water moccasin!
The Council accepts your kill.
You punch the manticore!
The manticore is lightly wounded.
The manticore bites you!
* * * LOW HITPOINT WARNING * * *
The manticore closely misses you.
The manticore claws you but does no damage.
You hit the manticore. Your punch misses the manticore.
The manticore is moderately wounded.
You hit the manticore but do no damage.
The manticore is moderately wounded.
The manticore bites you.
* * * LOW HITPOINT WARNING * * *
The manticore claws you!
* * * LOW HITPOINT WARNING * * *
The manticore barely misses you.
You feel better. The manticore closely misses you. The manticore claws you!
You die...

.##.#.#.#.#..#.)).......#
.##...#.####.#.###.###.##
.##...##....##[# #.# #.#
###....######).# #.###.#
#............# #.....#
###.....##.#.# ####.##
#####....###.#.# ##.#
........## #.#.#####..#
#####...# #....@H...##
##### ###..######
#..###### #.......# ###
######.####.# ..#
#......# #.# #.# #(######
#.# #.# #.# #.### #.#
###.## #...#


You could see a manticore.

Vanquished Creatures
  A troll (D:5)
  Grinder (D:3)
  A hippogriff (D:7)
  Duvessa (D:7)
  A water moccasin (D:7)
  A sky beast (D:7)
  2 orc warriors (D:7)
  2 phantoms
  3 centaurs
  A crocodile (D:7)
  9 big kobolds (Sewer)
  4 bullfrogs
  A scorpion (D:7)
  Dowan (D:7)
  6 howler monkeys
  3 centaur zombies
  2 crimson imps
  5 hounds
  A bullfrog skeleton (D:3)
  5 orc priests
  8 orc wizards
  5 worker ants
  A worker ant zombie (D:5)
  9 adders
  A river rat (Sewer)
  4 shadow imps
  3 oozes
  An adder zombie (D:7)
  2 adder skeletons
  5 worms
  8 leopard geckos
  24 orcs
  5 bats
  6 giant cockroaches
  10 goblins
  10 hobgoblins
  6 jackals
  7 quokkas
  10 ball pythons
  10 frilled lizards
  A jackal skeleton (D:7)
  A jackal zombie (D:7)
  7 kobolds
  A quokka skeleton (D:4)
  13 rats
209 creatures vanquished.

Notes
Turn   | Place    | Note
-------+----------+-------------------------------------------
     0 | D:1      | PikkenKukken the Ghoul Monk began the quest for the Orb.
     0 | D:1      | Reached XP level 1. HP: 19/19 MP: 0/0
   227 | D:1      | Reached XP level 2. HP: 26/26 MP: 1/1
   459 | D:1      | Reached XP level 3. HP: 17/31 MP: 2/2
  1049 | D:2      | Reached skill level 4 in Unarmed Combat
  1211 | D:2      | Reached XP level 4. HP: 37/40 MP: 3/3
  1797 | D:3      | Reached skill level 1 in Armour
  1797 | D:3      | Reached skill level 5 in Unarmed Combat
  1797 | D:3      | Reached XP level 5. HP: 40/46 MP: 4/4
  2180 | D:3      | Found a hide-covered altar of Uskayaw.
  2180 | D:3      | Found a stormy altar of Qazlal.
  2186 | D:3      | Found an ornate altar of the Wu Jian Council.
  2190 | D:3      | Noticed Grinder
  2195 | D:3      | Paralysed by Grinder for 2 turns
  2199 | D:3      | Found a faded altar of an unknown god.
  2200 | D:3      | Found a faded altar of an unknown god.
  2203 | D:3      | Paralysed by Grinder for 6 turns
  2224 | D:3      | Killed Grinder
  2224 | D:3      | Reached skill level 6 in Unarmed Combat
  2224 | D:3      | Reached XP level 6. HP: 43/52 MP: 5/5
  2274 | D:3      | Became a worshipper of the Wu Jian Council
  2274 | D:3      | Reached * piety under Wu Jian
  2274 | D:3      | Reached ** piety under Wu Jian
  2877 | D:3      | Reached XP level 7. HP: 48/59 MP: 6/6
  2970 | D:4      | Reached skill level 7 in Unarmed Combat
  3054 | D:4      | Identified the Incunabulum of Captivating Orientation
  3143 | D:4      | Reached skill level 1 in Throwing
  3278 | D:4      | Found a glowing drain.
  3283 | Sewer    | Entered a sewer
  3378 | Sewer    | Reached skill level 8 in Unarmed Combat
  3378 | Sewer    | Reached XP level 8. HP: 67/67 MP: 7/7
  3379 | Sewer    | Reached *** piety under Wu Jian
  3756 | Sewer    | Reached skill level 9 in Unarmed Combat
  4147 | D:5      | Entered Level 5 of the Dungeon
  4456 | D:5      | Reached XP level 9. HP: 44/72 MP: 8/8
  4532 | D:5      | Reached skill level 10 in Unarmed Combat
  4725 | D:5      | Noticed a troll
  4736 | D:5      | Killed a troll
  5141 | D:6      | Reached **** piety under Wu Jian
  5653 | D:7      | Reached skill level 11 in Unarmed Combat
  5753 | D:7      | Reached skill level 5 in Armour
  5816 | D:7      | Noticed Dowan
  5816 | D:7      | Noticed Duvessa
  6008 | D:7      | Reached skill level 5 in Fighting
  6143 | D:7      | Found a large runed door.
  6143 | D:7      | Found a large runed door.
  6213 | D:7      | Reached XP level 10. HP: 54/81 MP: 9/9
  6249 | D:7      | Reached skill level 12 in Unarmed Combat
  6304 | D:7      | Found a staircase to the Ecumenical Temple.
  6514 | D:7      | Found a large runed door.
  6514 | D:7      | Found a large runed door.
  6591 | D:7      | Killed Dowan
  6743 | D:7      | Killed Duvessa
  6788 | D:7      | Noticed a manticore
  6789 | D:7      | Found the +0 pair of fencer's gloves {+Riposte Dex+3}
  6825 | D:7      | Reached skill level 5 in Dodging
  6834 | D:7      | HP: 2/80 [manticore (7)]
  6835 | D:7      | Slain by a manticore

Skill      XL: |  1  2  3  4  5  6  7  8  9 10 |
---------------+-------------------------------+-----
Dodging        | 3 4 5 |  5.0
Unarmed Combat | 4 5 6 8 9 11 12 | 12.3
Armour         | 1 2 3 4 5 |  5.8
Fighting       | 4 5 |  5.3
Throwing       | 1 |  1.4
Stealth        | |  2.3

Action                   |  1- 3 |  4- 6 |  7- 9 | 10-12 || total
-------------------------+-------+-------+-------+-------++-------
Melee: Unarmed           |   127 |   173 |   541 |    85 ||   926
       Punch             |     2 |     4 |     9 |     5 ||    20
Throw: Tomahawk          |       |     9 |     5 |       ||    14
Invok: Wall Jump         |       |     6 |     9 |     2 ||    17
       Lunge             |       |     2 |    16 |     3 ||    21
       Whirlwind         |       |       |    10 |     4 ||    14
       Serpent's Lash    |       |       |     1 |     1 ||     2
  Use: Scroll            |     5 |     3 |     4 |       ||    12
       Potion            |     1 |     4 |     6 |     1 ||    12
 Stab: Sleeping          |     3 |       |     2 |       ||     5
  Eat: Chunk             |    25 |    19 |    75 |    13 ||   132
       Ration            |       |       |       |     2 ||     2
Armor: Robe              |    18 |       |     3 |    23 ||    44
       Scale mail        |    15 |    69 |   180 |       ||   264
Dodge: Dodged            |    87 |    82 |   214 |    56 ||   439
